 Dungeon Crawl Stone Soup version 0.17-a0-1485-g22cb0ee (webtiles) character file.

83 urechis the Skirmisher (level 4, -1/33 HPs)
             Began as an Octopode Fighter on July 5, 2015.
             Slain by an orc priest
             ... wielding a +2 trident of piercing
              (7 damage)
             ... on level 3 of the Dungeon.
             The game lasted 00:01:54 (1617 turns).

urechis the Skirmisher (Octopode Fighter)           Turns: 1617, Time: 00:01:55

Health: -1/33      AC:  1    Str: 15    XL:     4   Next: 44%
Magic:  4/4        EV: 10    Int: 10    God:
Gold:   118        SH:  8    Dex: 12    Spells: 0 memorised, 3 levels left

rFire  . . .     SeeInvis .     a - +0 long sword
rCold  . . .     Clarity  .     b - +0 shield
rNeg   . . .     SustAt   .     (helmet restricted)
rPois  .         Gourm    .     (no amulet)
rElec  .         Spirit   .     (no ring)
rCorr  .         Warding  .     (no ring)
rMut   .         Stasis   .     (no ring)
MR     .....                    (no ring)
Stlth  ++........               (no ring)
                                (no ring)
                                (no ring)
                                (no ring)

@: not resistant to hostile enchantments, unstealthy
A: almost no armour, amphibious, 8 rings, constrict 8, camouflage 1, gelatinous
body 1
a: no special abilities


You were on level 3 of the Dungeon.
You were not hungry.

You visited 1 branch of the dungeon, and saw 3 of its levels.

You collected 118 gold pieces.

Inventory:

Hand weapons
 a - a +0 long sword (weapon)
Armour
 b - a +0 shield (worn)
Scrolls
 f - 2 scrolls of recharging {unknown}
 g - a scroll of fog {unknown}
 h - 3 scrolls of identify {unknown}
 i - a scroll of enchant armour {unknown}
 m - 2 scrolls of teleportation {unknown}
 n - 3 scrolls of remove curse {unknown}
 o - a scroll of immolation {unknown}
 r - a scroll of enchant weapon {unknown}
Potions
 c - a potion of might
 e - a potion of flight {unknown}
 j - 2 potions of degeneration {unknown}
 p - a potion of haste {unknown}
 s - a potion of cancellation {unknown}
Comestibles
 d - a bread ration
 k - a beef jerky
 l - a royal jelly
 q - a chunk of flesh


   Skills:
 + Level 4.1 Fighting
 + Level 3.5 Long Blades
 - Level 3.0 Dodging
 - Level 3.0 Shields


You had 3 spell levels left.
You didn't know any spells.

Dungeon Overview and Level Annotations

Branches:
Dungeon (3/15)

Altars:


Innate Abilities, Weirdness & Mutations

You cannot wear most types of armour.
You are amphibious.
You can wear up to eight rings at the same time.
You can use your tentacles to constrict eight enemies at once.
Your skin changes colour to match your surroundings (Stealth).
Your rubbery body absorbs attacks (AC +1).


Message History

* * * LOW HITPOINT WARNING * * *
You block the orc priest's attack.
The orc shouts!
You hit the orc priest. Your grab misses the orc priest.
The orc priest is moderately wounded.
You block the orc priest's attack.
You closely miss the orc priest. You grab the orc priest.
You squeeze the orc priest, but do no damage.
The orc priest is moderately wounded.
You constrict the orc priest.
The orc priest hits you with a trident of piercing.
* * * LOW HITPOINT WARNING * * *
x2 You completely miss the orc priest.
The orc priest is moderately wounded.
You constrict the orc priest. You block the orc priest's attack.
You hit the orc priest. You squeeze the orc priest.
The orc priest is almost dead.
You constrict the orc priest.
The orc priest hits you with a trident of piercing!
You die...

#.# ###.# .#.# ..#.# #....
..... #.#.#### #.#.#
#.#....## #.#.# .....o.#
#.#.# #
#.....#############.#.#
#.#....o@...[............
#.#...#############..####
#####.#.....(..#######..##
.....>..†.......o...)..##
##......)......#########
#.............#
#.####........###### #
#...........o.#
..........####.#


You could see an orc priest and an orc.

Vanquished Creatures
  4 adders
  A giant gecko (D:1)
  An orc (D:3)
  10 bats
  2 giant cockroaches (D:1)
  5 goblins
  8 hobgoblins
  A quokka (D:2)
  2 ball pythons (D:3)
  2 giant newts (D:1)
  7 kobolds
  2 rats (D:1)
45 creatures vanquished.

Notes
Turn   | Place    | Note
--------------------------------------------------------------
     0 | D:1      | urechis the Octopode Fighter began the quest for the Orb.
     0 | D:1      | Reached XP level 1. HP: 16/16 MP: 1/1
   101 | D:1      | Reached XP level 2. HP: 17/21 MP: 2/2
   216 | D:1      | Reached XP level 3. HP: 14/27 MP: 3/3
  1010 | D:2      | Reached skill level 4 in Fighting
  1010 | D:2      | Reached XP level 4. HP: 33/33 MP: 4/4
  1617 | D:3      | Slain by an orc priest

Vault maps used:
D:1:      dpeg_arrival_chase, minmay_close_crescents
D:2:      minivault_11
D:3:      kennysheep_big_flooded_room, uniq_grinder

Action                   |  1- 3 |  4- 6 || total
-------------------------+-------+-------++-------
Melee: Long sword        |    63 |    23 ||    86
 Stab: Sleeping          |     7 |     3 ||    10
  Eat: Chunk             |       |     2 ||     2
